[Event "Early Titled Tuesday Blitz | February 8 2022"]
[White "Varney, Zoe"]
[Black "Khamdamova, Afruza"]
[WhiteFideId "436135"]
[BlackFideId "14210444"]
[WhiteElo "1808"]
[BlackElo "1660"]
[Result "0-1"]
[Round "05"]
[TimeControl "180+1"]
[Date "2022.02.08"]
[WhiteClock "0:00:01"]
[BlackClock "0:00:20"]

1. e4 e5 2. Nf3 Nf6 3. d4 Nxe4 4. Bd3 d5 5. Nxe5 Bd6 6. O-O O-O 7. c4 Nf6 8. Bg5 c6 9. Nc3 Be7 10. c5 Nbd7 11. f4 h6 12. Bh4 Nh7 13. Bf2 Nxe5 14. fxe5 b6 15. Qh5 bxc5 16. dxc5 Ng5 17. h4 Ne6 18. Qf5 g6 19. Qf3 Bxc5 20. h5 Bxf2+ 21. Rxf2 Qg5 22. Raf1 Qxh5 23. Qf6 Qg5 24. Qf3 Bd7 25. g4 Qxe5 26. Qh3 Qg5 27. Rh2 Kg7 28. Rff2 Nf4 29. Qf3 Nxd3 30. Qxd3 Bxg4 31. Rhg2 h5 32. Qd4+ Kg8 33. Rf6 Rae8 0-1


[Site "https://www.chess.com"]

[Event "Early Titled Tuesday Blitz | February 8 2022"]
[White "Vetokhin, Ilia"]
[Black "Garriga Cazorla, Pere"]
[WhiteFideId "24156078"]
[BlackFideId "32011601"]
[WhiteElo "1897"]
[BlackElo "2458"]
[Result "0-1"]
[Round "05"]
[TimeControl "180+1"]
[Date "2022.02.08"]
[WhiteClock "0:00:10"]
[BlackClock "0:00:13"]

1. d4 Nf6 2. c4 e6 3. g3 c5 4. Nf3 cxd4 5. Nxd4 d5 6. Bg2 e5 7. Nb3 d4 8. O-O a5 9. a4 Nc6 10. e3 d3 11. Nc3 Be6 12. Nd5 Nxd5 13. cxd5 Bxd5 14. Qxd3 Be6 15. Qb5 Ra6 16. Qxb7 Qb6 17. Bxc6+ Qxc6 18. Qb8+ Bc8 19. Qxe5+ Be7 20. Nd4 Qd7 21. b3 O-O 22. Ba3 Bxa3 23. Rxa3 Re8 24. Qb5 Qe7 25. Raa1 Rh6 26. h4 Ba6 27. Qg5 Bxf1 28. Qxe7 Rxe7 29. Kxf1 Rc7 30. Ke2 Rb6 31. Rd1 g6 32. Rd2 Kg7 33. Kf3 Rc3 34. Ke2 h6 35. Kf3 Rf6+ 36. Ke2 Rb6 37. Rd3 Rc1 38. Nb5 Rbc6 39. Nd4 R6c5 40. Kf3 Rb1 41. Ke2 Rb2+ 42. Kf3 Rc1 43. e4 Rf1 44. Ne2 Re1 45. Re3 Reb1 46. Nd4 Rd1 47. Nb5 Rdd2 48. Kg4 h5+ 49. Kg5 Rxf2 50. e5 Rf5# 0-1


[Site "https://www.chess.com"]

[Event "Early Titled Tuesday Blitz | February 8 2022"]
[White "Visakh N R"]
[Black "Yirik, Volkan"]
[WhiteFideId "25012223"]
[BlackFideId "6300782"]
[WhiteElo "2454"]
[BlackElo "2377"]
[Result "1-0"]
[Round "05"]
[TimeControl "180+1"]
[Date "2022.02.08"]
[WhiteClock "0:01:38"]
[BlackClock "0:01:51"]

1. e4 g6 2. d4 Bg7 3. Nc3 c5 4. Nf3 cxd4 5. Nxd4 Nc6 6. Be3 Nf6 7. Be2 O-O 8. O-O d6 9. f3 d5 10. Nxc6 bxc6 11. exd5 Nxd5 12. Nxd5 Qxd5 13. c3 Be6 14. Qc1 a5 15. Rd1 Qe5 16. Bd3 a4 17. Bd4 Qc7 18. Bxg7 Kxg7 19. Qe3 Qa7 20. Kf2 Rfb8 21. Rd2 a3 22. b3 Qc7 23. g3 Rd8 24. Rad1 Rd7 25. Bc4 Rd5 26. Bxd5 Bxd5 27. c4 Be6 28. h4 Ra5 29. Qf4 Qb7 30. Rd8 Qb6+ 31. Qd4+ 1-0


[Site "https://www.chess.com"]

[Event "Early Titled Tuesday Blitz | February 8 2022"]
[White "Vlassov, Nikolai"]
[Black "Nguyen, Ngoc Truong Son"]
[WhiteFideId "4103360"]
[BlackFideId "12401110"]
[WhiteElo "2407"]
[BlackElo "2596"]
[Result "0-1"]
[Round "05"]
[TimeControl "180+1"]
[Date "2022.02.08"]
[WhiteClock "0:00:02"]
[BlackClock "0:00:52"]

1. e4 c5 2. c3 d6 3. d4 Nf6 4. Bd3 Nc6 5. Ne2 g6 6. O-O Bg7 7. h3 O-O 8. Be3 cxd4 9. cxd4 e5 10. Nbc3 Nh5 11. d5 Ne7 12. g4 f5 13. exf5 gxf5 14. gxh5 f4 15. Bd2 Bxh3 16. Kh2 Nf5 17. Ng1 Bxf1 18. Qxf1 Qh4+ 19. Nh3 Ne3 20. fxe3 fxe3 21. Bxe3 Rxf1 22. Rxf1 e4 23. Nxe4 Be5+ 24. Bf4 Rf8 25. Bxe5 Rxf1 26. Bxf1 Qxe4 27. Bxd6 Qxd5 28. Bg3 Qxa2 29. Be5 Qd5 30. Bc3 Qxh5 31. Bc4+ Kf8 32. Kg3 Qg6+ 33. Kf4 Qd6+ 34. Ke3 Qg3+ 35. Kd4 Qxh3 36. Bd5 Qd7 37. Ke5 h5 38. Be6 Qe7 39. Kd5 h4 40. Be5 Qg5 41. Ke4 Ke7 42. Bf5 Qg2+ 0-1


[Site "https://www.chess.com"]

[Event "Early Titled Tuesday Blitz | February 8 2022"]
[White "Vusatiuk, Vladimir"]
[Black "Lagunov, Evgenij"]
[WhiteFideId "14118610"]
[BlackFideId "4125363"]
[WhiteElo "2157"]
[BlackElo "2200"]
[Result "1-0"]
[Round "05"]
[TimeControl "180+1"]
[Date "2022.02.08"]
[WhiteClock "0:00:04"]
[BlackClock "0:00:02"]

1. d4 Nf6 2. Nc3 e6 3. e4 d5 4. Bg5 dxe4 5. Nxe4 Be7 6. Nxf6+ Bxf6 7. Bxf6 Qxf6 8. Nf3 O-O 9. Bd3 Rd8 10. O-O Nc6 11. c3 b6 12. Be4 Bb7 13. Ne5 Na5 14. Bxb7 Nxb7 15. Qe2 c5 16. Rad1 cxd4 17. cxd4 a6 18. Rd3 Nd6 19. Rf3 Qh6 20. Rd1 b5 21. h3 Rac8 22. d5 Re8 23. dxe6 Rxe6 24. Rxd6 Rxd6 25. Nxf7 Qe6 26. Qf1 Rdc6 27. Ng5 Qxa2 28. Qd3 Rg6 29. b3 Qa1+ 30. Kh2 1-0


[Site "https://www.chess.com"]

[Event "Early Titled Tuesday Blitz | February 8 2022"]
[White "Wagner, Dennis"]
[Black "Vovk, Orest"]
[WhiteFideId "24650684"]
[BlackFideId "14113490"]
[WhiteElo "2355"]
[BlackElo "2203"]
[Result "1-0"]
[Round "05"]
[TimeControl "180+1"]
[Date "2022.02.08"]
[WhiteClock "0:00:09"]
[BlackClock "0:00:03"]

1. d4 e5 2. e4 exd4 3. Nf3 Nc6 4. Bc4 Nf6 5. e5 d5 6. Bb5 Ne4 7. Nxd4 Bd7 8. Bxc6 bxc6 9. O-O Bc5 10. Be3 O-O 11. f3 Bxd4 12. Qxd4 Ng5 13. Bxg5 Qxg5 14. Nc3 Rfe8 15. f4 Qg6 16. Rf2 Bf5 17. Rc1 Rab8 18. Na4 a5 19. c4 Rb4 20. b3 Be4 21. Nc5 h6 22. h3 Bf5 23. Kh2 Rd8 24. Rf3 Be4 25. Rg3 Qf5 26. e6 f6 27. Nxe4 Kh8 28. Nc5 Re8 29. Re1 Kh7 30. e7 Kg8 31. Ne6 Rxe7 32. Nxg7 Rxg7 33. Re8+ Kh7 34. Rxg7+ Kxg7 35. Qe3 1-0


[Site "https://www.chess.com"]

[Event "Early Titled Tuesday Blitz | February 8 2022"]
[White "Weishaeutel, Moritz"]
[Black "Pourramezanali, Amirreza"]
[WhiteFideId "12967300"]
[BlackFideId "12511412"]
[WhiteElo "2002"]
[BlackElo "2376"]
[Result "0-1"]
[Round "05"]
[TimeControl "180+1"]
[Date "2022.02.08"]
[WhiteClock "0:00:03"]
[BlackClock "0:00:35"]

1. e4 e6 2. d4 d5 3. exd5 exd5 4. Nf3 Nc6 5. Nc3 Bg4 6. Bb5 a6 7. Ba4 b5 8. Bb3 Nf6 9. O-O h6 10. Qd3 Bxf3 11. Qxf3 Nxd4 12. Qe3+ Ne6 13. Rd1 c6 14. Qf3 Bd6 15. a4 b4 16. Ne2 O-O 17. Be3 Ne4 18. Nd4 Nxd4 19. Bxd4 Qg5 20. g3 Be5 21. Be3 Qg6 22. Rab1 a5 23. Bf4 Qf6 24. Kg2 Bxb2 25. Be3 Qxf3+ 26. Kxf3 Bf6 27. Rd3 Rfe8 28. Re1 Nc3 29. Re2 Nxe2 30. Kxe2 d4 0-1


[Site "https://www.chess.com"]

[Event "Early Titled Tuesday Blitz | February 8 2022"]
[White "Williams, Simon K"]
[Black "Demchenko, Anton"]
[WhiteFideId "404454"]
[BlackFideId "4160258"]
[WhiteElo "2468"]
[BlackElo "2539"]
[Result "0-1"]
[Round "05"]
[TimeControl "180+1"]
[Date "2022.02.08"]
[WhiteClock "0:00:10"]
[BlackClock "0:00:09"]

1. e4 e5 2. f4 d5 3. exd5 exf4 4. Nf3 Nf6 5. Bc4 Nxd5 6. Nc3 Nxc3 7. dxc3 Bd6 8. Qe2+ Qe7 9. Qxe7+ Kxe7 10. O-O Nc6 11. Ng5 Ne5 12. Rxf4 f6 13. Nf3 Nxc4 14. Rxc4 Be6 15. Re4 Kf7 16. Bf4 Bf5 17. Rd4 Bc5 18. Bxc7 Bxc2 19. Bf4 Rhd8 20. Be3 Bxd4 21. Nxd4 Be4 22. Kf2 a6 23. a4 Rac8 24. a5 Rd5 25. g4 h5 26. h3 Rh8 27. Kg3 Re8 28. Ra4 Bd3 29. Bf2 hxg4 30. hxg4 Rd7 31. Rb4 Be4 32. Rb6 g6 33. b4 Bd5 34. b5 axb5 35. Rxb5 Be4 36. c4 Re5 37. c5 Rc7 38. Nb3 Bc6 39. Rb4 Rd5 40. Kf4 g5+ 41. Kg3 Rd3+ 42. Kh2 Rc8 43. Rd4 Rh8+ 0-1


[Site "https://www.chess.com"]

[Event "Early Titled Tuesday Blitz | February 8 2022"]
[White "Xiong, Jeffery"]
[Black "Jumabayev, Rinat"]
[WhiteFideId "2047640"]
[BlackFideId "13702661"]
[WhiteElo "2727"]
[BlackElo "2561"]
[Result "1-0"]
[Round "05"]
[TimeControl "180+1"]
[Date "2022.02.08"]
[WhiteClock "0:00:01"]
[BlackClock "0:00:02"]

1. d4 Nf6 2. Nf3 e6 3. Bf4 b6 4. e3 Bb7 5. Nbd2 Nh5 6. Bg5 Be7 7. h4 h6 8. Bxe7 Qxe7 9. Bd3 d6 10. Qe2 Nf6 11. O-O-O Nbd7 12. e4 e5 13. h5 O-O-O 14. Ba6 g6 15. hxg6 fxg6 16. Nh4 Rhg8 17. Bxb7+ Kxb7 18. d5 Rdf8 19. Rh3 Nc5 20. b4 Na6 21. Qc4 Nb8 22. Qe2 Nh5 23. Nxg6 Rxg6 24. Rxh5 Rxg2 25. Rxh6 Rfxf2 26. Qe3 Na6 27. a3 Qg7 28. Rh3 Nb8 29. Rf3 Re2 30. Qc3 a6 31. Kb1 Nd7 32. Qc6+ Kb8 33. Rc3 Nf6 34. Rd3 Qg5 35. Rc3 Qg7 36. Rh1 Rh2 37. Rxh2 Rxh2 38. Rd3 Rf2 39. Kb2 Qe7 40. Kb3 Qd7 41. Qc4 1-0


[Site "https://www.chess.com"]

[Event "Early Titled Tuesday Blitz | February 8 2022"]
[White "Yanayt, Eugene"]
[Black "Rudykh, Stepan"]
[WhiteFideId "2020165"]
[BlackFideId "4180321"]
[WhiteElo "2046"]
[BlackElo "2125"]
[Result "1-0"]
[Round "05"]
[TimeControl "180+1"]
[Date "2022.02.08"]
[WhiteClock "0:00:27"]
[BlackClock "0:00:43"]

1. d4 e6 2. g3 f5 3. Bg2 Nf6 4. Nh3 d6 5. O-O Be7 6. Nd2 e5 7. Nc4 e4 8. f3 Be6 9. Ne3 d5 10. Nf4 Bf7 11. Nxf5 O-O 12. fxe4 dxe4 13. Nxe7+ Qxe7 14. e3 Bc4 15. Rf2 a5 16. b3 Ba6 17. c4 Nc6 18. Bb2 Rad8 19. a3 Ne5 20. h3 b5 21. Rc1 bxc4 22. bxc4 Nxc4 23. Qb3 Qf7 24. d5 Ne5 25. Bxe5 Rfe8 26. Rxc7 Qf8 27. d6+ Kh8 28. Ne6 Rxe6 29. Qxe6 Rb8 30. Rxf6 Rb1+ 31. Kh2 1-0


[Site "https://www.chess.com"]

[Event "Early Titled Tuesday Blitz | February 8 2022"]
[White "Yonal, Timur"]
[Black "Jary, Sergey"]
[WhiteFideId "44115725"]
[BlackFideId "14110350"]
[WhiteElo "1762"]
[BlackElo "2260"]
[Result "0-1"]
[Round "05"]
[TimeControl "180+1"]
[Date "2022.02.08"]
[WhiteClock "0:00:01"]
[BlackClock "0:01:29"]

1. e4 g6 2. d4 Bg7 3. Nc3 a6 4. Nf3 b5 5. Bd3 Bb7 6. O-O d6 7. a3 Nd7 8. Re1 c5 9. dxc5 dxc5 10. Nd5 e6 11. Bf4 Rc8 12. h3 c4 13. Bf1 Nc5 14. Bg5 f6 15. Bf4 Nxe4 16. Nc7+ Rxc7 17. Bxc7 Qxc7 18. Nd2 Nxd2 19. Qxd2 e5 20. f4 Ne7 21. fxe5 fxe5 22. Qf2 e4 23. Rad1 Nf5 24. Qd2 O-O 25. Be2 Bxb2 26. Bg4 Bxa3 0-1


[Site "https://www.chess.com"]

[Event "Early Titled Tuesday Blitz | February 8 2022"]
[White "Yoo, Christopher Woojin"]
[Black "Ronka, Erik"]
[WhiteFideId "30909694"]
[BlackFideId "505080"]
[WhiteElo "2105"]
[BlackElo "2264"]
[Result "1-0"]
[Round "05"]
[TimeControl "180+1"]
[Date "2022.02.08"]
[WhiteClock "0:01:31"]
[BlackClock "0:01:32"]

1. e4 c5 2. Nf3 d6 3. d4 Nf6 4. Nc3 cxd4 5. Nxd4 g6 6. Bg5 Bg7 7. Bb5+ Bd7 8. Qe2 a6 9. Bxd7+ Nbxd7 10. O-O-O O-O 11. f4 Rc8 12. e5 Ne8 13. Nd5 f6 14. Ne6 Qa5 15. Nxe7+ Kh8 16. Nxf8 Qxa2 17. Nxc8 fxg5 18. Nxd7 1-0


[Site "https://www.chess.com"]

[Event "Early Titled Tuesday Blitz | February 8 2022"]
[White "Zaichenko, Daria"]
[Black "Loay, Sameer"]
[WhiteFideId "4197453"]
[BlackFideId "8104239"]
[WhiteElo "2039"]
[BlackElo "2040"]
[Result "0-1"]
[Round "05"]
[TimeControl "180+1"]
[Date "2022.02.08"]
[WhiteClock "0:00:01"]
[BlackClock "0:01:09"]

1. e4 d6 2. d4 g6 3. c4 Bg7 4. Nc3 Nf6 5. Nf3 O-O 6. Bd3 Nc6 7. d5 Nb8 8. h3 c6 9. Be3 Nbd7 10. b4 cxd5 11. cxd5 a5 12. b5 Nc5 13. Bxc5 dxc5 14. Bc4 Nd7 15. Qd3 a4 16. O-O Qa5 17. Rac1 Nb6 18. e5 Bf5 19. Ne4 a3 20. g4 Bxe4 21. Qxe4 Qb4 22. Rfd1 Ra4 23. Nd2 Bh6 24. f4 Bg7 25. Qd3 Rd8 26. Rb1 Qa5 27. Nb3 Qb4 28. Nd2 Qa5 29. Nb3 Qa8 30. Rbc1 Nxc4 31. Rxc4 b6 32. Rxa4 Qxa4 33. Nd2 Qxf4 34. Nf3 Qg3+ 35. Kf1 Qxh3+ 36. Kf2 Bxe5 37. Qe4 Qg3+ 38. Kf1 Bd6 39. Rd3 Qf4 40. Re3 Qxe4 41. Rxe4 Ra8 42. Nd2 Ra5 43. Nc4 Rxb5 44. Nxd6 exd6 45. Re8+ Kg7 46. Rd8 Rb1+ 47. Ke2 Rb2+ 48. Kd3 Rxa2 49. Rxd6 Ra1 50. Rxb6 a2 51. Ra6 Rd1+ 52. Kc4 a1=Q 53. Rxa1 Rxa1 54. Kxc5 Rd1 0-1


[Site "https://www.chess.com"]

[Event "Early Titled Tuesday Blitz | February 8 2022"]
[White "Zarnicki, Pablo"]
[Black "Goldin, Roman"]
[WhiteFideId "100137"]
[BlackFideId "2803860"]
[WhiteElo "2467"]
[BlackElo "2312"]
[Result "1-0"]
[Round "05"]
[TimeControl "180+1"]
[Date "2022.02.08"]
[WhiteClock "0:00:30"]
[BlackClock "0:00:01"]

1. e4 Nc6 2. Nf3 e5 3. Nc3 g6 4. d4 exd4 5. Nxd4 Bg7 6. Be3 Nf6 7. Qd2 O-O 8. O-O-O Re8 9. f3 d5 10. Nxc6 bxc6 11. g4 Be6 12. g5 Nh5 13. exd5 cxd5 14. Bb5 Bd7 15. Qxd5 Bxb5 16. Qxb5 Qe7 17. Nd5 Qe5 18. f4 Qf5 19. Qd3 Re4 20. Rhe1 Rae8 21. Bd2 c6 22. Rxe4 Rxe4 23. Nc3 Bxc3 24. Bxc3 Qxf4+ 25. Kb1 Re8 26. Qd7 1-0


[Site "https://www.chess.com"]

[Event "Early Titled Tuesday Blitz | February 8 2022"]
[White "Zavgorodniy, Sergiy"]
[Black "Carrasco Miranda, Andres"]
[WhiteFideId "14110148"]
[BlackFideId "3405990"]
[WhiteElo "2420"]
[BlackElo "2177"]
[Result "1/2-1/2"]
[Round "05"]
[TimeControl "180+1"]
[Date "2022.02.08"]
[WhiteClock "0:00:22"]
[BlackClock "0:00:15"]

1. e4 c5 2. Nf3 d6 3. c3 Nf6 4. Bc4 g6 5. e5 dxe5 6. Nxe5 e6 7. d4 Qc7 8. O-O Bg7 9. Bf4 Nh5 10. Be3 cxd4 11. Bb5+ Nd7 12. cxd4 O-O 13. Ng4 a6 14. Be2 Nf4 15. Bf3 h5 16. Ne5 Nxe5 17. Bxf4 Nxf3+ 18. Qxf3 Qb6 19. Be5 Bd7 20. Nc3 Bc6 21. Qe2 Rfd8 22. Rad1 Rd7 23. Rd2 Rad8 24. Rfd1 Qa5 25. Bxg7 Kxg7 26. h4 Qf5 27. f3 Qf4 28. Qf2 b5 29. Ne2 Qf6 30. Nc1 b4 31. Nb3 Ba4 32. Kh2 Bxb3 33. axb3 Rc8 34. d5 exd5 35. Rxd5 Rxd5 36. Rxd5 Rc1 37. Qg3 Qxb2 38. Rxh5 Qa1 39. Qe5+ Qxe5+ 40. Rxe5 Rc3 41. Ra5 Rxb3 42. Rxa6 Rc3 43. Rb6 b3 44. Kg3 Kh6 45. Rb7 f5 46. Rb6 Kg7 47. Kf4 Kh6 48. g4 fxg4 49. fxg4 Rc4+ 50. Kf3 Rc3+ 51. Kf4 Rc4+ 52. Kf3 Rc3+ 53. Ke2 Rc4 54. Kf3 1/2-1/2


[Site "https://www.chess.com"]

[Event "Early Titled Tuesday Blitz | February 8 2022"]
[White "Zhigalko, Sergei"]
[Black "Maevsky, Nikolay"]
[WhiteFideId "13502956"]
[BlackFideId "4198220"]
[WhiteElo "2662"]
[BlackElo "2104"]
[Result "0-1"]
[Round "05"]
[TimeControl "180+1"]
[Date "2022.02.08"]
[WhiteClock "0:00:01"]
[BlackClock "0:00:05"]

1. e4 c6 2. d4 d5 3. e5 Bf5 4. Nf3 e6 5. Be2 Nd7 6. O-O Bg6 7. Nbd2 Nh6 8. a4 Nf5 9. a5 a6 10. c4 Be7 11. Qb3 Rb8 12. Re1 O-O 13. h3 Nh4 14. Nxh4 Bxh4 15. Nf3 Be7 16. Bd2 dxc4 17. Bxc4 Re8 18. Bc3 Nf8 19. Rad1 Qc7 20. Nd2 Rbd8 21. Ne4 Nd7 22. Ng3 b5 23. axb6 Nxb6 24. Bxa6 Nd5 25. Bd3 Rb8 26. Qc4 c5 27. Be4 Nb6 28. Qa6 cxd4 29. Bxd4 Qc4 30. Qa7 Nd5 31. Rc1 Qb3 32. Bxg6 hxg6 33. Ne4 Ra8 34. Qd7 Red8 35. Qc6 Nf4 36. Bc5 Rdc8 37. Qd7 Bxc5 38. Rxc5 Rxc5 39. Nxc5 Qxb2 40. Qd1 Ra2 41. Rf1 Nd5 42. Nd3 Qd4 43. Re1 Ra3 0-1


[Site "https://www.chess.com"]

[Event "Early Titled Tuesday Blitz | February 8 2022"]
[White "Zubov, Alexander"]
[Black "Lodici, Lorenzo"]
[WhiteFideId "14109409"]
[BlackFideId "884189"]
[WhiteElo "2685"]
[BlackElo "2265"]
[Result "0-1"]
[Round "05"]
[TimeControl "180+1"]
[Date "2022.02.08"]
[WhiteClock "0:00:01"]
[BlackClock "0:00:02"]

1. d4 Nf6 2. c4 b6 3. f3 Nc6 4. Nc3 d5 5. cxd5 Nxd5 6. e4 Nxc3 7. bxc3 e5 8. Bb5 Bd7 9. Ne2 Bd6 10. Qa4 Na5 11. f4 exf4 12. e5 Be7 13. Nxf4 a6 14. Bxd7+ Qxd7 15. Qc2 c6 16. O-O O-O 17. Be3 Nc4 18. Rae1 Rae8 19. Bc1 Bd8 20. Rf3 f5 21. Ref1 b5 22. Kh1 g6 23. Rg3 Rf7 24. e6 Rxe6 25. Nxe6 Qxe6 26. Bf4 Bf6 27. h3 Re7 28. Rgf3 g5 29. Bc1 f4 30. Kg1 c5 31. dxc5 Qd5 32. Qf2 Re4 33. Re1 Rxe1+ 34. Qxe1 Qxc5+ 35. Kh1 Kf7 36. Rd3 Qf5 37. Qe2 Ne5 38. Rd1 f3 39. Qf2 g4 40. Rf1 gxh3 41. gxf3 Nd3 42. Qa7+ Ke6 43. Be3 Be5 44. Qxa6+ Bd6 45. Qc6 Qd5 0-1


[Site "https://www.chess.com"]

[Event "Early Titled Tuesday Blitz | February 8 2022"]
[White "parintele_chess"]
[Black "Manukian, Artak"]
[BlackFideId "13301373"]
[WhiteElo "2233"]
[BlackElo "2416"]
[Result "0-1"]
[Round "05"]
[TimeControl "180+1"]
[Date "2022.02.08"]
[WhiteClock "0:00:34"]
[BlackClock "0:01:09"]

1. d4 Nf6 2. Nc3 d5 3. Bf4 a6 4. e3 b5 5. a3 Bg4 6. f3 Bf5 7. g4 Bg6 8. h4 h5 9. g5 Nh7 10. Bd3 Bxd3 11. Qxd3 g6 12. Nge2 Bg7 13. e4 c6 14. Be5 O-O 15. Bxg7 Kxg7 16. f4 e6 17. f5 Nd7 18. fxe6 fxe6 19. exd5 exd5 20. O-O-O Qe7 21. Rdf1 Rae8 22. Kb1 Qe3 23. Nf4 Rxf4 24. Qxe3 Rxf1+ 25. Rxf1 Rxe3 26. Kc1 Nhf8 27. Kd2 Re7 28. Na2 a5 29. Nc1 Ne6 30. c3 Rf7 31. Re1 Nf4 32. Re8 Ng2 33. Nd3 Nxh4 34. Rc8 Nf3+ 35. Kc2 h4 36. Rxc6 h3 37. Nf2 h2 38. Rd6 Nxg5 39. Nh1 Nf6 40. b4 axb4 41. cxb4 Nge4 42. Rd8 Ng4 43. a4 bxa4 44. b5 Rf1 45. b6 Rxh1 46. b7 Rb1 47. Rd7+ Kf6 48. Kxb1 h1=Q+ 49. Ka2 Nc3+ 50. Ka3 Qa1+ 51. Kb4 Qb2+ 52. Kc5 Qb5+ 53. Kd6 Qb6# 0-1


[Site "https://www.chess.com"]

[Event "Early Titled Tuesday Blitz | February 8 2022"]
[White "Agasarov, Benik"]
[Black "Mohammed, Dilshad"]
[WhiteFideId "13314823"]
[BlackFideId "5050421"]
[WhiteElo "2587"]
[BlackElo "2153"]
[Result "1-0"]
[Round "06"]
[TimeControl "180+1"]
[Date "2022.02.08"]
[WhiteClock "0:00:09"]
[BlackClock "0:00:01"]

1. e4 e5 2. Nc3 Nf6 3. Bc4 Nxe4 4. Qh5 Nd6 5. Bb3 Be7 6. Nf3 O-O 7. Nxe5 Nc6 8. Nxc6 dxc6 9. O-O Nf5 10. d3 g6 11. Qd1 Bf6 12. Ne4 Bg7 13. Bg5 Qd4 14. c3 Qe5 15. Re1 Kh8 16. d4 Qa5 17. Bf6 Bxf6 18. Nxf6 Kg7 19. Ne8+ Kg8 20. Qd3 Be6 21. Nf6+ Kg7 22. Re5 Qb6 23. Bxe6 Kxf6 24. Bxf5 Qxb2 25. Rae1 Kg7 26. Bg4 Rad8 27. h4 Rd6 28. h5 Rf6 29. Qe3 h6 30. hxg6 fxg6 31. Re7+ R8f7 32. Rxf7+ Rxf7 33. Qe5+ Kh7 34. Bf3 Qxa2 35. Qe8 Rg7 36. Re7 Rxe7 37. Qxe7+ Kg8 38. Qd8+ Kf7 39. Qxc7+ Kf6 40. Qxb7 Qa1+ 41. Kh2 Qxc3 42. Qxa7 Qc1 43. Qc7 Qd2 44. Qxc6+ Kg7 45. Qd6 h5 46. Qe5+ Kh6 47. d5 Qxf2 48. d6 Qh4+ 49. Kg1 Qb4 50. Qe3+ Kh7 51. d7 Qb1+ 52. Kh2 Qb8+ 53. g3 Qb2+ 54. Bg2 h4 55. Qe7+ Kh6 56. Qxh4+ Kg7 57. d8=Q 1-0


[Site "https://www.chess.com"]

[Event "Early Titled Tuesday Blitz | February 8 2022"]
[White "Agibileg, Uurtsaikh"]
[Black "Kopylov, Alexander A."]
[WhiteFideId "4901606"]
[BlackFideId "4164857"]
[WhiteElo "2596"]
[BlackElo "2820"]
[Result "1-0"]
[Round "06"]
[TimeControl "180+1"]
[Date "2022.02.08"]
[WhiteClock "0:00:08"]
[BlackClock "0:00:02"]

1. d4 Nf6 2. c4 g6 3. Nc3 d5 4. cxd5 Nxd5 5. e4 Nxc3 6. bxc3 Bg7 7. Nf3 O-O 8. Be3 b6 9. Bd3 Bb7 10. O-O Nd7 11. Re1 c5 12. Qd2 cxd4 13. cxd4 e5 14. d5 f5 15. Bg5 Qe8 16. Rac1 Nc5 17. exf5 gxf5 18. Bc4 Ne4 19. Rxe4 fxe4 20. d6+ Kh8 21. d7 Qh5 22. Ne1 e3 23. Qxe3 Bf6 24. Bxf6+ Rxf6 25. Be2 Qf5 26. Rc7 Qe4 27. Qg5 Qg6 28. Qxe5 Bxg2 29. Nxg2 Rg8 30. Bf1 Qg7 31. Rc8 Rff8 32. Rxf8 Rxf8 33. Qd6 Rd8 34. h4 Rxd7 35. Qe6 Re7 36. Qc8+ Qg8 37. Qc3+ Rg7 38. h5 Qe6 39. Bd3 a5 40. Bf5 1-0


[Site "https://www.chess.com"]

[Event "Early Titled Tuesday Blitz | February 8 2022"]
[White "Al Hosani, Omran"]
[Black "Yoo, Christopher Woojin"]
[WhiteFideId "9308733"]
[BlackFideId "30909694"]
[WhiteElo "2608"]
[BlackElo "2917"]
[Result "0-1"]
[Round "06"]
[TimeControl "180+1"]
[Date "2022.02.08"]
[WhiteClock "0:00:06"]
[BlackClock "0:00:10"]

1. d4 Nf6 2. c4 e6 3. Nc3 Bb4 4. a3 Bxc3+ 5. bxc3 O-O 6. f3 Nh5 7. Nh3 f5 8. Bg5 Qe8 9. e4 d6 10. Bd3 e5 11. Qe2 h6 12. Bd2 fxe4 13. fxe4 Bxh3 14. gxh3 Nf4 15. Bxf4 Rxf4 16. O-O-O Nc6 17. Rdf1 Rxf1+ 18. Rxf1 exd4 19. c5 dxc3 20. Bc4+ Kh8 21. cxd6 cxd6 22. Bd5 Qe5 23. Rf7 Qg5+ 24. Kb1 Nd4 25. Qf2 c2+ 26. Ka2 Kh7 27. h4 Qe5 28. Qd2 Rc8 29. Rf1 Ne2 30. Qxe2 c1=N+ 31. Rxc1 Rxc1 32. Qd2 Qa1+ 33. Kb3 Qb1+ 34. Ka4 Qc2+ 35. Qxc2 Rxc2 36. Bxb7 Rxh2 37. Bd5 Rxh4 38. Kb5 Rf4 39. a4 h5 40. a5 h4 41. Ka6 h3 42. Kxa7 h2 43. e5 dxe5 44. Bh1 Rf1 45. Be4+ Kh6 46. a6 h1=Q 47. Bxh1 Rxh1 48. Kb7 Ra1 49. a7 e4 50. a8=Q Rxa8 51. Kxa8 e3 0-1


[Site "https://www.chess.com"]

[Event "Early Titled Tuesday Blitz | February 8 2022"]
[White "Al Mukhaini, Shima"]
[Black "Odegov, Artem"]
[WhiteFideId "22005854"]
[BlackFideId "34183644"]
[WhiteElo "2388"]
[BlackElo "2277"]
[Result "1-0"]
[Round "06"]
[TimeControl "180+1"]
[Date "2022.02.08"]
[WhiteClock "0:00:16"]
[BlackClock "0:00:02"]

1. b3 Nf6 2. Bb2 g6 3. Bxf6 exf6 4. c4 Bg7 5. Nc3 O-O 6. g3 f5 7. Rc1 d6 8. Bg2 Nc6 9. e3 Ne5 10. d4 Ng4 11. h3 Nf6 12. Nge2 Qe7 13. O-O c6 14. Qd3 Bd7 15. Rfd1 Rae8 16. b4 Ne4 17. a4 h5 18. h4 Bh6 19. Nf4 Bxf4 20. exf4 Nxc3 21. Qxc3 Qf6 22. c5 d5 23. Re1 Re4 24. Bxe4 fxe4 25. f3 Bf5 26. fxe4 Bxe4 27. Re3 Qf5 28. Rce1 Re8 29. Qd2 Re6 30. Kh2 f6 31. Qe2 Kg7 32. Qf1 Re7 33. Qh3 Re6 34. Qxf5 gxf5 35. b5 b6 36. Rc3 bxc5 37. Rxc5 cxb5 38. axb5 a6 39. Rc6 Re7 40. bxa6 Kg6 41. Ra1 Ra7 42. Kg1 Bd3 43. Kf2 Bc4 44. Ke3 Re7+ 45. Kf3 Ra7 46. Ra3 Bb5 47. Rb6 Bc4 48. Kf2 Re7 49. a7 Re2+ 50. Kf3 Rd2 51. a8=Q Rxd4 52. Qg8+ Kh6 53. Rxf6# 1-0


[Site "https://www.chess.com"]

[Event "Early Titled Tuesday Blitz | February 8 2022"]
[White "Alekseev, Evgeny"]
[Black "Gaehwiler, Gabriel"]
[WhiteFideId "4138147"]
[BlackFideId "1314530"]
[WhiteElo "2589"]
[BlackElo "2383"]
[Result "1-0"]
[Round "06"]
[TimeControl "180+1"]
[Date "2022.02.08"]
[WhiteClock "0:00:11"]
[BlackClock "0:00:02"]

1. e4 e5 2. Nf3 Nf6 3. Nxe5 d6 4. Nf3 Nxe4 5. d4 d5 6. Bd3 Be7 7. O-O Nc6 8. Nc3 f5 9. Ne2 g5 10. c4 g4 11. Ne5 Nxe5 12. dxe5 dxc4 13. Qa4+ Qd7 14. Qxc4 b5 15. Qxb5 Nc5 16. e6 Qxb5 17. Bxb5+ Kf8 18. Nd4 Bxe6 19. Nxe6+ Nxe6 20. Re1 Nd4 21. Bh6+ Kf7 22. Bc4+ Kg6 23. Rxe7 Kxh6 24. Rxc7 Rhc8 25. Rxc8 Rxc8 26. b3 Re8 27. Kf1 f4 28. Rd1 Nc2 29. Rc1 Nd4 30. Re1 Rxe1+ 31. Kxe1 f3 32. g3 Kg5 33. Kd2 h5 34. b4 h4 35. a4 hxg3 36. hxg3 Kf6 37. b5 Ke5 38. a5 Kd6 39. b6 axb6 40. axb6 1-0


[Site "https://www.chess.com"]

[Event "Early Titled Tuesday Blitz | February 8 2022"]
[White "Al-Tarboush, Ward"]
[Black "Sliwicki, Damian"]
[WhiteFideId "7601450"]
[BlackFideId "1127128"]
[WhiteElo "2276"]
[BlackElo "2084"]
[Result "1-0"]
[Round "06"]
[TimeControl "180+1"]
[Date "2022.02.08"]
[WhiteClock "0:02:49"]
[BlackClock "0:02:58"]

1. e4 c5 2. Nf3 g6 3. d4 cxd4 4. Qxd4 Nf6 5. e5 Nc6 6. Qa4 Nd5 7. Qe4 Nc7 8. Nc3 Bg7 9. Bf4 O-O 10. h4 d5 11. exd6 exd6 12. O-O-O 1-0


[Site "https://www.chess.com"]